 Dungeon Crawl Stone Soup version 0.28.0-43-g3370ac3207 (webtiles) character file.

Game seed: 10313824192397927120

1418 sankara the Cleaver (level 8, -1/66 HPs)
             Began as a Minotaur Fighter on Mar 18, 2022.
             Was an Initiate of Makhleb.
             Slain by a two-headed ogre
             ... wielding a +0 giant club
              (8 damage)
             ... on level 6 of the Dungeon.
             The game lasted 00:09:22 (5571 turns).

sankara the Cleaver (Minotaur Fighter)              Turns: 5571, Time: 00:09:23

Health: -1/66      AC: 13    Str: 21    XL:     8   Next: 43%
Magic:  7/7        EV:  9    Int:  5    God:    Makhleb [......]
Gold:   256        SH:  5    Dex: 12    Spells: 7/7 levels left

rFire   . . .      SeeInvis .   a - +0 war axe
rCold   . . .      Faith    .   c - +0 buckler
rNeg    . . .      Spirit   .   A - +0 chain mail
rPois   .          Reflect  .   s - +1 hat {Will+}
rElec   .          Harm     .   (no cloak)
rCorr   .          Rampage  .   (no gloves)
Will    +....                   m - +1 pair of boots
Stlth   ..........              (no amulet)
HPRegen 0.21/turn               (no ring)
MPRegen 0.10/turn               (no ring)

@: no status effects
A: horns 2, retaliatory headbutt
a: Renounce Religion


You were on level 6 of the Dungeon.
You worshipped Makhleb.
Makhleb was noncommittal.
You visited 1 branch of the dungeon, and saw 6 of its levels.

You collected 256 gold pieces.

Inventory:

Hand Weapons
 a - a +0 war axe (weapon)
 b - a +0 hunting sling
 B - a +5 battleaxe
Missiles
 g - 4 poisoned darts (quivered)
 o - 144 stones
 x - 4 javelins
 y - 29 sling bullets
Armour
 c - a +0 buckler (worn)
 m - a +1 pair of boots (worn)
 s - a +1 hat of willpower (worn)
 A - a +0 chain mail (worn)
Wands
 w - a wand of paralysis (5)
Scrolls
 e - a scroll of vulnerability {unknown}
 h - a scroll of immolation {unknown}
 i - 5 scrolls of identify {unknown}
 k - 2 scrolls of blinking {unknown}
 l - 2 scrolls of brand weapon {unknown}
 q - 2 scrolls of enchant weapon {unknown}
 r - a scroll of teleportation {unknown}
 u - a scroll of enchant armour {unknown}
 C - a scroll of fog {unknown}
Potions
 d - 2 potions of might
 f - a potion of flight {unknown}
 j - 3 potions of curing {unknown}
 n - 2 potions of berserk rage {unknown}
 p - 2 potions of lignification {unknown}
 t - a potion of ambrosia {unknown}
 v - a potion of magic {unknown}
 z - 2 potions of attraction {unknown}


   Skills:
 - Level 4.0 Fighting
 * Level 8.9 Axes
 + Level 7.0 Armour
 + Level 4.9 Dodging
 - Level 5.0 Shields


You had 7 spell levels left.
You didn't know any spells.
Your spell library contained the following spells:

 Spells                   Type           Power      Damage    Failure   Level
 Animate Skeleton         Necr           0%         N/A       99%         1
 Beastly Appendage        Tmut           0%         N/A       99%         1
 Freeze                   Ice            0%         1d3       99%         1
 Sandblast                Erth           0%         2d4       99%         1
 Wereblood                Tmut           0%         N/A       100%        2
 Spider Form              Tmut/Pois      0%         N/A       100%        3


Dungeon Overview and Level Annotations

Branches:
Dungeon (6/15)
 Temple: D:4-7

Altars:
Cheibriados
Kikubaaqudgha
Makhleb
Nemelex Xobeh
Qazlal
Ru
Sif Muna
Uskayaw
Vehumet


Innate Abilities, Weirdness & Mutations

You have a pair of horns on your head.
You reflexively headbutt those who attack you in melee.


Message History

The kobold brigand is almost dead.
You feel sick.
You are no longer poisoned.
You block the kobold brigand's attack.
You closely miss the kobold brigand. You headbutt the kobold brigand.
You kill the kobold brigand!
Makhleb accepts your kill.
Your Armour skill increases to level 7!
You barely miss the two-headed ogre.
Your headbutt misses the two-headed ogre.
The two-headed ogre closely misses you. You furiously retaliate!
You headbutt the two-headed ogre!
The two-headed ogre hits you with a +0 dire flail!
You hit the two-headed ogre but do no damage.
You headbutt the two-headed ogre.
The two-headed ogre is moderately wounded.
You barely miss the two-headed ogre.
The two-headed ogre is moderately wounded.
The two-headed ogre hits you with a +0 giant club!
The two-headed ogre hits you but does no damage.
You slash the two-headed ogre!
Your headbutt misses the two-headed ogre.
The two-headed ogre is heavily wounded.
The two-headed ogre closely misses you. x2
You hit the two-headed ogre.
The two-headed ogre is severely wounded.
The two-headed ogre hits you with a +0 giant club!
The two-headed ogre hits you with a +0 dire flail!
* * * LOW HITPOINT WARNING * * *
You hit the two-headed ogre but do no damage.
The two-headed ogre is severely wounded.
You block the two-headed ogre's attack.
The two-headed ogre hits you with a +0 dire flail!
* * * LOW HITPOINT WARNING * * *
You slash the two-headed ogre!
Your headbutt misses the two-headed ogre.
The two-headed ogre is almost dead.
You block the two-headed ogre's attack.
The two-headed ogre hits you with a +0 dire flail!
You die...

#.#.###........# #>#
#......###########<#
######.............#
#.############# #.#
#.# #.# #.# #@# #O#
......'h# ......'.#
......### K≈≈S.)
≈h≈≈.. O≈≈≈. ⌠≈≈⌠.


You could see a two-headed ogre, a hound and an electric eel.

Vanquished Creatures
  A steam dragon (D:6)
  5 ogres
  A centaur (D:4)
  A kobold brigand (D:6)
  A scorpion (D:5)
  A water moccasin skeleton (D:5)
  4 wights (D:6)
  A bullfrog zombie (D:6)
  A centaur zombie (D:5)
  A hound (D:6)
  An orc priest (D:5)
  A bullfrog skeleton (D:5)
  2 iguanas (D:5)
  3 orc wizards
  6 gnolls
  2 adders (D:5)
  A white imp (D:5)
  An adder skeleton (D:4)
  A dart slug (D:3)
  2 worms (D:4)
  10 orcs
  5 bats
  3 endoplasms
  4 giant cockroaches
  5 goblins
  7 hobgoblins
  3 quokkas
  8 ball pythons
  3 frilled lizards
  3 kobolds
  6 rats
94 creatures vanquished.

Vanquished Creatures (others)
  4 plants (D:3)
4 creatures vanquished.

Grand Total: 98 creatures vanquished

Notes
Turn   | Place    | Note
-------+----------+-------------------------------------------
     0 | D:1      | sankara the Minotaur Fighter began the quest for the Orb.
     0 | D:1      | Reached XP level 1. HP: 19/19 MP: 0/0
   202 | D:1      | Reached XP level 2. HP: 27/27 MP: 1/1
   215 | D:1      | Found a faded altar of an unknown god.
   266 | D:1      | Reached skill level 3 in Axes
  1251 | D:2      | Found a hide-covered altar of Uskayaw.
  1301 | D:2      | Reached XP level 3. HP: 31/33 MP: 2/2
  1913 | D:3      | Reached XP level 4. HP: 34/40 MP: 3/3
  1919 | D:3      | Reached skill level 4 in Axes
  2209 | D:3      | Reached XP level 5. HP: 46/46 MP: 4/4
  2607 | D:4      | Noticed an ogre
  2612 | D:4      | Killed an ogre
  2613 | D:4      | Reached skill level 5 in Axes
  2613 | D:4      | Reached skill level 1 in Dodging
  2685 | D:4      | Noticed a centaur
  2705 | D:4      | Killed a centaur
  2706 | D:4      | Reached skill level 5 in Armour
  2706 | D:4      | Reached skill level 5 in Shields
  2706 | D:4      | Reached XP level 6. HP: 28/52 MP: 5/5
  3087 | D:5      | Entered Level 5 of the Dungeon
  3163 | D:5      | Found a snail-covered altar of Cheibriados.
  3166 | D:5      | Found a shimmering blue altar of Sif Muna.
  3170 | D:5      | Found an ancient bone altar of Kikubaaqudgha.
  3170 | D:5      | Found a radiant altar of Vehumet.
  3170 | D:5      | Found a burning altar of Makhleb.
  3171 | D:5      | Found a stormy altar of Qazlal.
  3172 | D:5      | Found a hide-covered altar of Uskayaw.
  3173 | D:5      | Found a sacrificial altar of Ru.
  3175 | D:5      | Found a sparkling altar of Nemelex Xobeh.
  3178 | D:5      | Became a worshipper of Makhleb the Destroyer
  3512 | D:5      | Reached skill level 6 in Axes
  3544 | D:5      | Got Wizardry, Part One
  3573 | D:5      | Reached XP level 7. HP: 42/59 MP: 6/6
  3841 | D:4      | Reached skill level 7 in Axes
  4991 | D:6      | Reached skill level 8 in Axes
  4991 | D:6      | Reached XP level 8. HP: 60/66 MP: 7/7
  5544 | D:6      | Noticed a two-headed ogre
  5571 | D:6      | Slain by a two-headed ogre

Illustrated notes

Levels and vault maps discovered:
D:1:      amcnicky_arrival_blooded_trapdoor, layout_basic,
          shapermc_ecumenical_altar_totnotflames
D:2:      layout_basic, basic_altar
D:3:      layout_basic, hangedman_abyss_or_decor_stabs, nicolae_grassy_gnolls
D:4:      layout_rooms, serial_bayou_lagoon_a
D:5:      layout_basic, minitemple, minmay_chambers_of_fives
D:6:      layout_rooms, kennysheep_dice

Skill      XL: |  1  2  3  4  5  6  7  8 |
---------------+-------------------------+-----
Axes           | 3 4 5 6 8 |  8.9
Fighting       | 4 |  4.0
Shields        | 4 5 |  5.0
Armour         | 4 5 6 7 |  7.0
Dodging        | 2 4 |  4.9

Action                   |  1- 3 |  4- 6 |  7- 9 || total
-------------------------+-------+-------+-------++-------
Melee: War axe           |    78 |    81 |   105 ||   264
       Headbutt          |     9 |    12 |    23 ||    44
Throw: Dart              |       |       |     1 ||     1
Armor: Scale mail        |    42 |    24 |       ||    66
       Chain mail        |       |    13 |    41 ||    54
Dodge: Dodged            |    35 |    36 |    43 ||   114
Block: Buckler           |    23 |    29 |    21 ||    73
